 Dungeon Crawl Stone Soup version 0.30-a0-358-g0d69a1922f (webtiles) character file.

Game seed: 11445833566250295239

5076 Hubris850 the Martial Artist (level 10, -5/70 HPs)
             Began as a Merfolk Transmuter on Nov 9, 2022.
             Was an Initiate of Gozag.
             Slain by a wyvern (12 damage)
             ... on level 9 of the Dungeon.
             The game lasted 00:30:39 (10004 turns).

Hubris850 the Martial Artist (Merfolk Transmuter)  Turns: 10004, Time: 00:30:40

Health: -5/70      AC:  5    Str: 15    XL:     10   Next: 56%
Magic:  0/20       EV: 13    Int: 18    God:    Gozag
Gold:   1056       SH:  0    Dex: 15    Spells: 6/23 levels left

rFire   . . .      SeeInvis .      - Unarmed
rCold   . . .      Faith    .    (no shield)
rNeg    . . .      Spirit   +    a - +0 robe
rPois   .          Reflect  .    d - +0 helmet
rElec   .          Harm     .    K - scarf {repulsion}
rCorr   .          Rampage  .    n - +0 pair of gloves
Will    .....                    B - +0 pair of boots
Stlth   +.........               l - amulet of guardian spirit
HPRegen 0.31/turn                J - +6 ring of intelligence
MPRegen 0.17/turn                (no ring)

@: repel missiles
A: (nimble swimmer 2), mertail
a: Renounce Religion, Potion Petition, Call Merchant, Bribe Branch


You were on level 9 of the Dungeon.
You worshipped Gozag.
Gozag was most pleased with you.
You visited 2 branches of the dungeon, and saw 10 of its levels.

You collected 1158 gold pieces.
You paid 102 gold pieces to Gozag.

Inventory:

Hand Weapons
 w - a +3 quarterstaff of chaos
 A - a +2 hand axe of flaming
Missiles
 q - 19 poisoned darts (quivered)
 r - 6 atropa-tipped darts
 x - 9 boomerangs
Armour
 a - a +0 robe (worn)
 c - a +0 leather armour
 d - a +0 helmet (worn)
 j - a +0 ring mail
 n - a +0 pair of gloves (worn)
 u - a +0 cloak
 B - a +0 pair of boots (worn)
 K - a scarf of repulsion (worn)
Jewellery
 l - an amulet of guardian spirit (around neck)
 y - an amulet of faith
 J - a +6 ring of intelligence (left hand)
Wands
 H - a wand of flame (8)
 I - a wand of iceblast (20)
 N - a wand of paralysis (5)
Scrolls
 e - 5 scrolls of teleportation
 f - 3 scrolls of enchant weapon
 o - 2 scrolls of amnesia
 p - a scroll of summoning
 s - 2 scrolls of butterflies {unknown}
 C - a scroll of silence
 E - a scroll of identify
 G - a scroll of fear {unknown}
 L - a scroll of blinking
Potions
 b - 2 potions of lignification
 g - a potion of invisibility
 h - a potion of might {unknown}
 i - 6 potions of curing
 k - a potion of brilliance {unknown}
 m - a potion of flight {unknown}
 t - 3 potions of ambrosia {unknown}
 v - 2 potions of attraction {unknown}
 z - 2 potions of cancellation {unknown}
 D - 2 potions of heal wounds {unknown}
 F - 3 potions of mutation {unknown}
 M - a potion of berserk rage {unknown}
 O - a potion of haste {unknown}


   Skills:
 - Level 3.0 Fighting
 - Level 4.0 Dodging
 + Level 11.3 Unarmed Combat
 - Level 7.0 Spellcasting
 + Level 2.0 Conjurations
 - Level 9.0 Transmutations
 + Level 4.1 Ice Magic
 - Level 2.0 Poison Magic


You had 6 spell levels left.
You knew the following spells:

 Your Spells              Type           Power      Damage    Failure   Level
a - Frozen Ramparts       Ice            42%        1d7       6%          3
b - Wereblood             Tmut           39%        N/A       1%          2
c - Spider Form           Tmut/Pois      26%        N/A       3%          3
d - Ice Form              Ice/Tmut       30%        N/A       7%          4
e - Freezing Cloud        Conj/Ice/Air   6%         6-21      78%         5

Your spell library contained the following spells:

 Spells                   Type           Power      Damage    Failure   Level
 Beastly Appendage        Tmut           78%        N/A       1%          1
 Freeze                   Ice            84%        1d9       1%          1
 Ignite Poison            Fire/Tmut/Pois 19%        N/A       7%          3
 Hailstorm                Conj/Ice       17%        3d6       9%          3
 Kindle Blastsparks       Fire/Tloc/Air  12%        2d11      32%         3
 Haunt                    Necr/Summ      3%         N/A       100%        7
 Infestation              Necr           3%         N/A       100%        8
 Animate Dead             Necr           Unusable   N/A       N/A         4

Dungeon Overview and Level Annotations

Branches:
Dungeon (9/15)             Temple (1/1) D:5
   Lair: D:8-11         Orc: D:9-12

Altars:
Ashenzari
Cheibriados
Dithmenos
Elyvilon
Fedhas
Gozag
Hepliaklqana
Kikubaaqudgha
Makhleb
Nemelex Xobeh
Okawaru
Qazlal
Ru
Sif Muna
Trog
Uskayaw
Vehumet
Wu Jian
Xom
Yredelemnul
Zin
The Shining One

Shops:
D:4 *   D:6 [


Innate Abilities, Weirdness & Mutations

((You are very nimble when in or above water. (Stealth+, EV+, Speed+++)))
Your lower body shifts to a powerful aquatic tail in water.


Message History

You hit the wyvern.
The wyvern is lightly wounded.
The wyvern barely misses you.
You hit the wyvern.
The wyvern is moderately wounded.
The wyvern bites you!
You punch the wyvern!
The wyvern is heavily wounded.
The wyvern bites you!
You closely miss the wyvern.
The wyvern is heavily wounded.
The wyvern barely misses you.
You hit the wyvern. You punch the wyvern.
The wyvern is severely wounded.
The wyvern closely misses you. x2
You closely miss the wyvern.
The wyvern is severely wounded.
The wyvern bites you!
You are too injured to fight recklessly!
You are too injured to fight recklessly!
You are too injured to fight recklessly!
You are too injured to fight recklessly!
You are too injured to fight recklessly!
You are too injured to fight recklessly!
You hit the wyvern but do no damage.
The wyvern is severely wounded.
The wyvern bites you!
You punch the wyvern!
The wyvern is almost dead.
The wyvern bites you!
* * * LOW HITPOINT WARNING * * *
You barely miss the wyvern.
The wyvern is almost dead.
The wyvern bites you!
* * * LOW HITPOINT WARNING * * *
You closely miss the wyvern.
The wyvern is almost dead.
The wyvern bites you!
You die...
Your body crumbles into a pile of gold.

#...............
......#'######.####...
#.....#...####.####'##
#.....#.....#....#....
#.....#.....#....#....
#.....#.....#....#....
#.....#.....'....#....
#########....l#.....#....#....
####............@#.....#....#....
.>...............########...#####
........................#...###..
............#####.......#.....#..
............#...#.......#.....#.<
....####+####...#.......#.....#..
....#...........#.......#.....#..
....'...........#.......#.....#..
....#....#.##'###.......#######..


You could see a wyvern.

Vanquished Creatures
  A troll (D:6)
  Grinder (D:3)
  Sigmund (D:6)
  2 shadows (D:9)
  Eustachio (D:6)
  A wyvern (D:9)
  2 water moccasins
  Duvessa (D:6)
  5 ice beasts
  A sky beast (D:8)
  A black bear (D:4)
  2 orc warriors (D:9)
  3 ogres
  A centaur (D:9)
  2 bullfrogs
  5 scorpions
  Blork the orc (D:4)
  Dowan (D:6)
  10 killer bees (D:9)
  2 vampire bats (D:5)
  4 howler monkeys
  2 jellies
  3 orc priests
  5 hounds
  A gnoll bouda (D:5)
  Crazy Yiuf (D:3)
  Jessica (D:3)
  5 iguanas
  12 orc wizards
  A mummy (D:8)
  14 gnolls
  7 adders
  3 white imps
  An ufetubus (D:5)
  3 worms (D:3)
  55 orcs
  11 bats
  2 bat skeletons (D:5)
  3 bat zombies (D:5)
  10 endoplasms
  2 giant cockroaches (D:4)
  13 goblins
  26 hobgoblins
  5 quokkas
  7 ball pythons
  5 frilled lizards
  13 kobolds
  5 rats
264 creatures vanquished.

Vanquished Creatures (others)
  A plant (D:7)
1 creature vanquished.

Grand Total: 265 creatures vanquished

Notes
Turn   | Place    | Note
-------+----------+-------------------------------------------
     0 | D:1      | Hubris850 the Merfolk Transmuter began the quest for the
                  | Orb.
     0 | D:1      | Reached XP level 1. HP: 15/15 MP: 3/3
   213 | D:1      | Found a faded altar of an unknown god.
   269 | D:1      | Reached XP level 2. HP: 21/21 MP: 5/5
   558 | D:1      | Reached skill level 4 in Unarmed Combat
   558 | D:1      | Reached XP level 3. HP: 25/27 MP: 6/6
  1124 | D:2      | Reached XP level 4. HP: 33/33 MP: 7/7
  1657 | D:3      | Noticed Grinder
  1668 | D:3      | Paralysed by Grinder for 2 turns
  1671 | D:3      | Killed Grinder
  1672 | D:3      | Reached skill level 6 in Unarmed Combat
  1672 | D:3      | Reached XP level 5. HP: 41/41 MP: 6/8
  1672 | D:3      | Reached XP level 6. HP: 47/47 MP: 6/9
  1707 | D:3      | Learned a level 2 spell: Wereblood
  1981 | D:3      | Found a runed translucent door.
  1982 | D:3      | Noticed Crazy Yiuf
  1999 | D:3      | Learned a level 3 spell: Spider Form
  2003 | D:3      | Killed Crazy Yiuf
  2130 | D:3      | Noticed Jessica
  2148 | D:3      | Killed Jessica
  2149 | D:3      | Reached skill level 7 in Unarmed Combat
  2641 | D:4      | Reached XP level 7. HP: 50/52 MP: 8/10
  2646 | D:4      | Learned a level 4 spell: Ice Form
  2678 | D:4      | Reached skill level 1 in Ice Magic
  2678 | D:4      | Reached skill level 1 in Poison Magic
  2857 | D:4      | Found Ovifupp's Overcharged Wands.
  2870 | D:4      | Noticed Blork the orc
  2885 | D:4      | Killed Blork the orc
  3305 | D:4      | Reached XP level 8. HP: 33/58 MP: 6/12
  3854 | D:5      | Entered Level 5 of the Dungeon
  4067 | D:5      | Reached skill level 8 in Unarmed Combat
  4130 | D:5      | Reached skill level 5 in Transmutations
  4203 | D:5      | HP: 1/58 [ogre/+0 giant spiked club (27)]
  4561 | D:5      | Found an ancient bone altar of Kikubaaqudgha.
  4699 | D:5      | Found a staircase to the Ecumenical Temple.
  4716 | D:5      | Reached skill level 5 in Spellcasting
  4852 | Temple   | Entered the Ecumenical Temple
  5042 | Temple   | Became a worshipper of Gozag Ym Sagoz the Greedy
  5137 | D:5      | Reached XP level 9. HP: 62/63 MP: 0/16
  5379 | D:6      | Noticed Duvessa
  5380 | D:6      | Noticed Dowan
  5385 | D:6      | Killed Dowan
  5394 | D:6      | Killed Duvessa
  5590 | D:6      | Noticed Eustachio
  5598 | D:6      | Killed Eustachio
  5886 | D:6      | Found Ducuoxku's Antique Armour Boutique.
  5981 | D:6      | Found a white marble altar of Elyvilon.
  6002 | D:6      | Noticed a troll
  6012 | D:6      | Killed a troll
  6332 | D:6      | Noticed Sigmund
  6343 | D:6      | Killed Sigmund
  7088 | D:7      | Reached skill level 9 in Unarmed Combat
  7502 | D:7      | Reached XP level 10. HP: 70/70 MP: 12/20
  7750 | D:7      | Found an ornate altar of the Wu Jian Council.
  7753 | D:7      | Found a stormy altar of Qazlal.
  8129 | D:8      | Reached skill level 10 in Unarmed Combat
  8455 | D:8      | Found a sparkling altar of Nemelex Xobeh.
  8622 | D:8      | Found a snail-covered altar of Cheibriados.
  8962 | D:8      | Learned a level 3 spell: Frozen Ramparts
  8968 | D:8      | Learned a level 5 spell: Freezing Cloud
  9118 | D:9      | Reached skill level 11 in Unarmed Combat
  9201 | D:9      | Found a shimmering blue altar of Sif Muna.
  9278 | D:9      | Reached skill level 1 in Conjurations
 10004 | D:9      | Slain by a wyvern

Illustrated notes

Levels and vault maps discovered:
D:1:      lemuel_arrival_room, layout_rooms,
          shapermc_ecumenical_altar_flowoftime
D:2:      minmay_alternating_diamond, layout_rooms,
          minmay_misc_feat_four_crosses
D:3:      layout_loops_cross, chequers_serial_rivers_micro_c,
          grunt_ministairs_1, minmay_cupped, uniq_grinder, uniq_jessica,
          uniq_crazy_yiuf_cottage
D:4:      corexii_shantytown, layout_cave_pools, nicolae_shop_overcharged_wands,
          uniq_blork_the_orc
D:5:      layout_gridville, kennysheep_vampire_church,
          minmay_temple_entry_proselytizer, hangedman_decor_push
D:6:      layout_basic, elyvilon_altar_1, serial_shops, shop_statue,
          minmay_misc_feat_encased, lemuel_flamethrower_1, uniq_duvessa,
          uniq_eustachio, uniq_sigmund
D:7:      layout_layer_cave, mainiacjoe_overflow_big_doors, grunt_decor_fettered
D:8:      layout_basic, slow_altar_2, nemelex_altar_shiori
D:9:      layout_gridville, lemuel_crystal_altar, special_room
          [special_room_orc], serial_shops, nicolae_stop_n_shop_2, uniq_grum
Temple:   bh_familiar_temple

Skill      XL: |  1  2  3  4  5  6  7  8  9 10 |
---------------+-------------------------------+-----
Dodging        | 3 4 |  4.0
Unarmed Combat | 4 6 7 8 9 11 | 11.3
Fighting       | 2 3 |  3.0
Transmutations | 4 7 9 |  9.0
Ice Magic      | 2 3 4 |  4.1
Poison Magic   | 2 |  2.0
Spellcasting   | 3 5 7 |  7.0
Conjurations   | 2 |  2.0

Action                   |  1- 3 |  4- 6 |  7- 9 | 10-12 || total
-------------------------+-------+-------+-------+-------++-------
Melee: Unarmed           |   125 |   190 |   354 |   162 ||   831
       Punch             |     2 |     3 |     7 |     2 ||    14
       Headbutt          |     2 |     2 |       |       ||     4
       Tailslap          |       |     2 |       |       ||     2
Throw: Dart              |       |     3 |    11 |     1 ||    15
       Throwing net      |       |       |     1 |       ||     1
 Cast: Beastly Appendage |     1 |     1 |     2 |       ||     4
       Spider Form       |       |     1 |     8 |       ||     9
       Wereblood         |       |       |     8 |     3 ||    11
       Ice Form          |       |       |    22 |    10 ||    32
       Frozen Ramparts   |       |       |       |     1 ||     1
  Use: Scroll            |     2 |       |     8 |       ||    10
       Potion            |       |     1 |       |     1 ||     2
 Stab: Distracted        |       |       |     1 |     1 ||     2
Armor: Leather armour    |    16 |       |       |       ||    16
       Ring mail         |    55 |    56 |       |       ||   111
       Skin              |       |     7 |    47 |    47 ||   101
       Robe              |       |       |    31 |     4 ||    35
Dodge: Dodged            |    93 |   103 |   195 |    85 ||   476

Table legend: (Time is in decaauts)
 A = Elapsed time spent in this place.
 B = Non-inter-level travel time spent in this place.
 C = Inter-level travel time spent in this place.
 D = Time resting spent in this place.
 E = Time spent auto-exploring this place.
 F = Levels seen in this place.
 G = Mean time per level.
                   A        B        C        D        E       F      G
               +--------+--------+--------+--------+--------+-----+--------+
         Total |   9890 |   9702 |    188 |   1188 |   6458 |  10 |  989.0 |
       Dungeon |   9675 |   9544 |    131 |   1188 |   6314 |   9 | 1075.0 |
        Temple |    214 |    157 |     57 |      0 |    144 |   1 |  214.0 |
               +--------+--------+--------+--------+--------+-----+--------+

Top non-repeatable levels by time:
     D:6: 1458 daAuts
     D:7: 1350 daAuts
     D:4: 1228 daAuts
     D:5: 1212 daAuts
     D:9: 1033 daAuts
     D:3: 930 daAuts
     D:1: 857 daAuts
     D:8: 824 daAuts
     D:2: 781 daAuts
  Temple: 214 daAuts
